Map: King's Cove LE

Players

HaPe - Winner!

  • Race: Protoss Protoss
  • Spawn Location: 11:00

JEROS

  • Race: Terran Terran
  • Spawn Location: 5:00

Event: 2019 WCS Spring

VOD

Have the link to the VOD?

Description

Time

  • Played on: May 17, 2019, 1:43 p.m.
  • Length: 9:42

All games in this series

Show
View Real Time Build Order
Export as new Build Order

HaPe Protoss - Winner!

Build Orders: 1 Gate Expand, Blink Stalkers 

Get SALT Encoding   

  12  0:00  Probe  
  13  0:12  Probe  
  14  0:18  Pylon  
  14  0:25  Probe  
  15  0:35  Probe  
  15  0:37  Gateway  
  16  0:43  Probe  
  16  0:48  Assimilator  
  17  0:55  Probe  
  18  1:07  Probe  
  19  1:19  Probe  
  19  1:24  Cybernetics Core  
  20  1:36  Nexus  
  20  1:44  Pylon  
  20  1:49  Assimilator  
  20  1:52  Probe, Adept  
  21  2:04  Probe  
  21  2:05  Warp Gate  
  24  2:12  Stalker  
  24  2:16  Probe  
  27  2:28  Probe  
  28  2:38  Twilight Council  
  28  2:40  Probe  
  29  2:46  Stalker  
  29  2:48  Probe  
  29  2:49  Probe  
  29  2:51  Blink  
  32  2:56  Probe  
  33  3:01  Probe  
  35  3:07  Probe  
  36  3:13  Probe  
  36  3:19  Probe  
  38  3:25  Probe  
  39  3:31  Probe  
  40  3:37  Gateway  
  40  3:38  Gateway  
  40  3:42  Stalker  
  40  3:44  Probe  
  40  3:45  Probe  
  43  3:57  Probe  
  43  3:59  Probe  
  43  4:02  Pylon  
  45  4:09  Probe  
  46  4:16  Pylon  
  46  4:20  Probe  
  46  4:21  Forge  
  47  4:26  Stalker  
  49  4:32  Stalker  
  49  4:35  Pylon  
  49  4:37  Stalker  
  53  4:39  Probe  
  53  4:42  Robotics Facility  
  53  4:43  Shield Battery  
  54  4:48  Protoss Ground Armor Level 1  
  52  5:07  Stalker x3  
  58  5:17  Nexus  
  58  5:18  Probe  
  60  5:22  Pylon  
  60  5:23  Observer  
  59  5:33  Probe  
  59  5:35  Assimilator  
  61  5:41  Shield Battery  
  61  5:43  Probe  
  62  5:51  Charge  
  62  5:52  Probe  
  60  5:57  Stalker x3  
  65  6:07  Observer  
  66  6:16  Gateway  
  66  6:17  Probe x2  
  66  6:18  Gateway  
  68  6:19  Gateway  
  68  6:20  Pylon  
  68  6:24  Sentry  
  70  6:29  Probe  
  70  6:32  Probe x2  
  73  6:35  Warp Prism  
  75  6:41  Probe  
  75  6:45  Gateway  
  76  6:57  Probe  
  76  6:59  Protoss Ground Armor Level 2  
  77  7:02  Zealot x3  
  80  7:16  Zealot x2  
  80  7:17  Zealot, Probe x2  
  80  7:19  Probe  
  87  7:32  Probe  
  87  7:35  Zealot x3  
  92  7:38  Pylon  
  92  7:40  Probe  
  93  7:48  Zealot x4  
  101  8:04  Sentry  
  101  8:05  Zealot x2  
  95  8:16  Zealot x4  
  101  8:21  Robotics Bay  
  101  8:28  Zealot x3  
  89  8:42  Probe x2  
  89  8:43  Zealot x2  
  89  8:44  Zealot x2  
  89  8:48  Probe  
  98  8:53  Zealot, Robotics Facility  
  98  8:54  Zealot x2, Probe x2  
  106  9:00  Probe  
  107  9:06  Probe x2  
  103  9:18  Pylon  
  103  9:20  Pylon  
  103  9:22  Zealot  
  103  9:23  Zealot x3  
  97  9:41  Zealot x3  
Show
View Real Time Build Order
Export as new Build Order

JEROS Terran 

Build Orders: Gas First Reaper Expand, Liberator Opening 

Get SALT Encoding   

  12  0:01  SCV  
  13  0:13  SCV  
  14  0:18  Supply Depot  
  14  0:25  SCV  
  15  0:29  Refinery  
  15  0:39  SCV  
  16  0:46  Barracks  
  16  0:51  SCV  
  17  1:03  SCV  
  18  1:16  SCV  
  19  1:34  Reaper  
  19  1:35  Orbital Command  
  20  1:47  Command Center  
  20  2:01  Factory  
  20  2:03  SCV  
  20  2:07  Barracks Reactor  
  21  2:15  SCV  
  21  2:19  Supply Depot  
  22  2:24  Refinery  
  22  2:27  SCV  
  23  2:36  Bunker  
  23  2:41  SCV  
  23  2:44  Marine x2  
  24  2:45  Widow Mine  
  28  2:54  Starport  
  28  2:56  SCV  
  28  3:09  Orbital Command  
  28  3:12  SCV  
  29  3:19  Widow Mine, Marine  
  32  3:24  SCV  
  33  3:33  Medivac  
  35  3:35  SCV  
  35  3:37  SCV  
  39  3:43  Supply Depot  
  39  3:45  Marine x2  
  39  3:46  Liberator  
  41  3:48  Factory Tech Lab  
  41  3:49  SCV x2  
  40  4:01  SCV x2  
  42  4:09  Siege Tank, Marine x2  
  50  4:12  Supply Depot  
  50  4:15  SCV  
  51  4:25  SCV  
  51  4:27  SCV  
  51  4:28  Marine  
  54  4:34  Barracks, Marine  
  54  4:36  Supply Depot  
  54  4:37  Barracks  
  55  4:40  SCV, Supply Depot  
  57  4:45  SCV  
  57  4:49  Starport Tech Lab  
  57  4:52  SCV  
  57  4:56  Marine x2  
  57  4:57  SCV  
  57  4:58  Siege Tank  
  63  5:04  SCV  
  62  5:09  Refinery, Engineering Bay, Supply Depot  
  62  5:12  SCV  
  59  5:16  SCV  
  59  5:20  Marine x2  
  62  5:27  SCV  
  63  5:28  SCV  
  63  5:30  Starport Reactor  
  63  5:31  Supply Depot  
  63  5:35  Marauder, Stimpack  
  66  5:38  Marauder  
  66  5:39  Combat Shield  
  66  5:40  Marine x2  
  70  5:43  Factory Reactor  
  70  5:45  SCV x2  
  70  5:46  Supply Depot  
  72  5:55  Marine  
  74  5:57  SCV x2  
  74  5:58  Marine x2  
  74  5:59  Marauder, Supply Depot  
  74  6:02  Terran Infantry Weapons Level 1  
  79  6:10  Supply Depot  
  76  6:11  Refinery  
  76  6:15  Medivac, Marine  
  76  6:16  Marine  
  76  6:18  Medivac  
  82  6:22  Marauder  
  82  6:25  Marauder  
  86  6:27  Supply Depot  
  86  6:28  Widow Mine  
  86  6:31  Widow Mine  
  90  6:36  Supply Depot  
  90  6:38  Marine x2  
  92  6:44  Marauder  
  94  6:50  Supply Depot  
  92  6:57  Marine x2  
  92  6:58  Marauder, Concussive Shells, Widow Mine x2  
  99  7:13  Medivac x2  
  101  7:23  Supply Depot, Marine x2  
  101  7:24  Marauder x2, Widow Mine x2  
  106  7:41  Marine x2  
  107  7:45  Marauder x2, Widow Mine  
  107  7:46  Widow Mine  
  114  7:59  Marine x2  
  114  8:00  Medivac x2  
  120  8:06  Marauder  
  120  8:07  Marine  
  120  8:09  Command Center  
  120  8:12  Widow Mine x2  
  118  8:17  Marine  
  119  8:22  Barracks  
  119  8:25  Marauder  
  119  8:26  Barracks  
  117  8:28  Marine x2  
  115  8:36  Liberator  
  115  8:40  Liberator  
  101  8:45  SCV x2  
  101  8:46  Marauder  
  83  8:51  Marine, Widow Mine x2  
  83  8:52  Marauder, Marine  
  94  9:00  SCV  
  98  9:05  SCV  
  98  9:16  Barracks Reactor, Barracks Tech Lab  
  97  9:20  SCV x2  
Tags
 
Add a new tag
Caveats
  • Supply blocks, unpowered buildings, or Contaminate may cause inaccurate times.
  • Supply counts are checked every 10 seconds.